 Dungeon Crawl Stone Soup version 0.25.0-37-gb73750e0fb (webtiles) character file.

Game seed: 6295360927168149716

862 ijan1 the Changer (level 8, -1/50 HPs)
             Began as an Octopode Transmuter on July 8, 2020.
             Was an Initiate of Gozag.
             Killed by divine providence
             ... invoked by an orc priest
              (9 damage)
             ... on level 5 of the Dungeon.
             The game lasted 00:09:50 (6308 turns).

ijan1 the Changer (Octopode Transmuter)             Turns: 6308, Time: 00:09:50

Health: -1/50      AC:  1    Str:  9    XL:     8   Next: 2%
Magic:  14/14      EV: 13    Int: 17    God:    Gozag
Gold:   461        SH:  0    Dex: 13    Spells: 9/15 levels left

rFire    . . .     SeeInvis .   m - +3 dagger
rCold    . . .     Gourm    .   (no shield)
rNeg     + . .     Faith    .   (helmet restricted)
rPois    .         Spirit   .   (no amulet)
rElec    .         Reflect  .   (no ring)
rCorr    .         Harm     .   o - ring of positive energy
MR       .....                  (no ring)
Stlth    +++.......             (no ring)
HPRegen  0.16/turn              (no ring)
MPRegen  0.14/turn              (no ring)
                                (no ring)
                                (no ring)

@: gold aura
A: almost no armour, stealthy swim, amphibious, 8 rings, constrict 8, camouflage
1, gelatinous body 1
a: Potion Petition, Call Merchant, Bribe Branch, Renounce Religion


You were on level 5 of the Dungeon.
You worshipped Gozag.
Gozag was aware of your devotion.
You were not hungry.

You visited 1 branch of the dungeon, and saw 5 of its levels.

You collected 500 gold pieces.
You paid 39 gold pieces to Gozag.

Inventory:

Hand Weapons
 m - a +3 dagger (weapon)
Missiles
 a - 90 arrows
 t - 2 throwing nets (quivered) {!f}
Jewellery
 b - an uncursed ring of teleportation
 o - a ring of positive energy (right tentacle)
Scrolls
 g - 2 scrolls of magic mapping {@r5}
 h - 4 scrolls of remove curse {@r2}
 j - 2 scrolls of teleportation {@r3 !r}
Potions
 c - a potion of invisibility {unknown}
 e - 2 potions of flight {unknown}
 i - 2 potions of curing {@q2 !q}
 k - 2 potions of ambrosia
 n - a potion of brilliance
 q - a potion of might {unknown}
 s - a potion of stabbing {unknown}
Comestibles
 f - 6 rations


   Skills:
 + Level 2.2 Fighting
 - Level 2.0 Dodging
 - Level 2.0 Stealth
 + Level 3.6 Unarmed Combat
 - Level 4.0 Spellcasting
 - Level 6.0 Transmutations
 + Level 4.8 Poison Magic


You had 9 spell levels left.
You knew the following spells:

 Your Spells              Type           Power        Failure   Level  Hunger
a - Beastly Appendage     Tmut           ###...       1%          1    None
b - Sticks to Snakes      Tmut           ###.....     1%          2    ##.....
c - Spider Form           Tmut/Pois      ###.......   4%          3    ###....

Your spell library contained the following spells:

 Spells                   Type           Power        Failure   Level  Hunger
 Blade Hands              Tmut           ###.......   36%         5    ######.
 Ice Form                 Ice/Tmut       ##......     41%         4    ####...


Dungeon Overview and Level Annotations

Branches:
Dungeon (5/15)             Temple (0/1) D:4

Altars:
Cheibriados
Gozag
Hepliaklqana
Makhleb
Qazlal
Sif Muna
Trog


Innate Abilities, Weirdness & Mutations

You cannot wear most types of armour.
You are very stealthy in the water. (Stealth+)
You are amphibious.
You can wear up to eight rings at the same time.
You can use your tentacles to constrict eight enemies at once.
Your skin changes colour to match your surroundings (Stealth+).
Your rubbery body absorbs attacks. (AC +1, EV +1)


Message History

You constrict the adder zombie. The adder zombie bites you.
You hit the adder zombie.
The adder zombie is severely damaged.
You constrict the adder zombie. The adder zombie bites you.
You hit the adder zombie. You squeeze the adder zombie.
You destroy the adder zombie!
No target in view!
You now have 418 gold pieces (gained 7).
You now have 425 gold pieces (gained 7).
You now have 433 gold pieces (gained 8).
You now have 441 gold pieces (gained 8).
Things that are here:
a +0 hand axe; a +0 scale mail You now have 446 gold pieces (gained 5).
You now have 452 gold pieces (gained 6).
Things that are here:
a +0 hand axe; a +0 scale mail You now have 461 gold pieces (gained 9).
An orc wizard comes into view. It is wielding a +0 dagger.
An orc wizard is nearby!
An orc priest comes into view. It is wielding a +0 rapier.
The orc wizard gestures at you while chanting.
The puff of flame hits you!
The orc wizard gestures at you while chanting.
You resist with some effort.
The orc wizard casts a spell.
The orc wizard flickers and vanishes!
Deactivating autopickup; reactivate with Ctrl-A.
A puff of flame appears from out of thin air!
The puff of flame hits you!
You miss something. Your squeeze misses something. Something hits you!
You hit something. Something hits you.
You closely miss something. You squeeze something.
You hear some strange, mumbled words.
Something tries to affect you, but you resist.
You hear a shout!
You hit something. You tentacle-slap something.
You hear a shout!
You hear some strange, mumbled words.
A magic dart appears from out of thin air!
The magic dart hits you!
* * * LOW HITPOINT WARNING * * *
You hit something. Something hits you but does no damage.
You hit something but do no damage. You squeeze something.
Reactivating autopickup.
You have reached level 8!
You feel a bit more experienced.
The orc priest calls down the wrath of Beogh upon you.
Pain shoots through your body!
* * * LOW HITPOINT WARNING * * *
An orc wizard comes into view. It is wielding a +0 club.
Things that are here:
8 gold pieces; a +0 dagger; a +0 robe The orc wizard shouts!
You hit the orc priest. You grab the orc priest.
The orc priest is moderately wounded.
You constrict the orc priest.
The orc priest mumbles some strange prayers to Beogh against you.
Beogh smites you!
You die...
Your body crumbles into a pile of gold.

.......# ......#
..... o.. $ #.# #.#
#.# ###.########.##
#..o@..........
######..<###.#
..............#
..#######)#####
#.......#
.###.......#
...........########
.###...............
###.#.##.........


You could see an orc priest and an orc wizard.

Vanquished Creatures
  An ogre (D:4)
  Blork the orc (D:4)
  2 howler monkeys (D:5)
  2 crimson imps (D:5)
  4 hounds
  3 orc priests
  2 orc wizards
  Terence (D:2)
  2 iguanas (D:5)
  2 hound skeletons
  Robin (D:2)
  4 adders
  A shadow imp (D:5)
  An adder zombie (D:5)
  4 worms (D:2)
  A dart slug (D:2)
  3 leopard geckos
  17 orcs
  2 ball pythons
  4 bats
  5 giant cockroaches
  20 goblins
  10 hobgoblins
  6 jackals
  2 quokkas
  5 frilled lizards
  6 kobolds
  9 rats
121 creatures vanquished.

Vanquished Creatures (collateral kills)
  Jessica (D:2)
  A dart slug (D:1)
2 creatures vanquished.

Grand Total: 123 creatures vanquished

Notes
Turn   | Place    | Note
-------+----------+-------------------------------------------
     0 | D:1      | ijan1 the Octopode Transmuter began the quest for the Orb.
     0 | D:1      | Reached XP level 1. HP: 13/13 MP: 3/3
    57 | D:1      | Reached skill level 1 in Stealth
    57 | D:1      | Reached XP level 2. HP: 15/18 MP: 5/5
   277 | D:1      | Learned a level 2 spell: Sticks to Snakes
   617 | D:1      | Reached XP level 3. HP: 10/23 MP: 3/6
  1222 | D:2      | Reached skill level 3 in Transmutations
  1227 | D:2      | Learned a level 3 spell: Spider Form
  1498 | D:2      | Noticed Robin
  1524 | D:2      | Killed Robin
  1767 | D:2      | Reached skill level 1 in Poison Magic
  1767 | D:2      | Reached XP level 4. HP: 22/28 MP: 7/7
  1938 | D:2      | Found an opulent altar of Gozag.
  1940 | D:2      | Noticed Terence
  2237 | D:2      | Found a shimmering blue altar of Sif Muna.
  2382 | D:2      | Found a hazy altar of Hepliaklqana.
  2488 | D:2      | Killed Terence
  2488 | D:2      | Reached XP level 5. HP: 20/33 MP: 2/9
  2736 | D:2      | Noticed Jessica
  2752 | D:2      | Killed Jessica
  2870 | D:2      | Reached skill level 4 in Transmutations
  3629 | D:3      | Found a stormy altar of Qazlal.
  3631 | D:3      | Noticed an air elemental
  3633 | D:3      | Noticed a water elemental
  3633 | D:3      | Noticed a fire elemental
  3915 | D:3      | Found a snail-covered altar of Cheibriados.
  3986 | D:3      | Found a bloodstained altar of Trog.
  4018 | D:2      | Became a worshipper of Gozag Ym Sagoz the Greedy
  4497 | D:4      | Reached XP level 6. HP: 37/38 MP: 10/10
  5070 | D:4      | Found a staircase to the Ecumenical Temple.
  5162 | D:4      | Reached skill level 5 in Transmutations
  5331 | D:4      | Reached XP level 7. HP: 43/43 MP: 9/12
  5388 | D:4      | Noticed Blork the orc
  5395 | D:4      | Killed Blork the orc
  5623 | D:5      | Entered Level 5 of the Dungeon
  5623 | D:5      | Found a burning altar of Makhleb.
  5691 | D:5      | Reached skill level 6 in Transmutations
  6306 | D:5      | Reached XP level 8. HP: 13/50 MP: 14/14
  6308 | D:5      | Killed from afar by an orc priest

Illustrated notes

Levels and vault maps discovered:
D:1:      nicolae_arrival_somewhat_less_tricky_arrival, layout_basic
D:2:      layout_loops_ring, nicolae_overflow_crystal_walls, led_sif_pool,
          minivault_19, grunt_gozag_statues, uniq_terence, uniq_robin,
          uniq_jessica
D:3:      layout_basic, lightli_temple_of_fire, lemuel_doored_altar,
          nicolae_qazlal_style_of_elements
D:4:      layout_loops_cross, minmay_temple_entry_mist, uniq_blork_the_orc
D:5:      layout_basic, elyvilon_altar_1, first_ration, bloody_makhleb

Skill      XL: |  1  2  3  4  5  6  7 |
---------------+----------------------+-----
Stealth        | 1 2 |  2.0
Transmutations | 3 4 5 6 |  6.0
Poison Magic   | 1 2 3 4 |  4.8
Spellcasting   | 3 4 |  4.0
Fighting       | 2 |  2.2
Dodging        | |  2.0
Unarmed Combat | |  3.6

Action                   |  1- 3 |  4- 6 |  7- 9 || total
-------------------------+-------+-------+-------++-------
Melee: Unarmed           |    88 |    67 |     2 ||   157
       Constrict         |    22 |    42 |    19 ||    83
       Tentacles         |    12 |    38 |    18 ||    68
       Punch             |     2 |     1 |     1 ||     4
       Dagger            |       |    94 |    76 ||   170
 Cast: Sticks to Snakes  |     2 |     5 |     1 ||     8
       Spider Form       |       |     2 |     1 ||     3
  Use: Scroll            |       |     9 |       ||     9
 Stab: Sleeping          |     6 |     6 |       ||    12
       Distracted        |       |     2 |       ||     2
  Eat: Chunk             |     2 |     9 |       ||    11
       Ration            |       |     1 |     1 ||     2
Armor: Skin              |     8 |     4 |     1 ||    13
Dodge: Dodged            |    49 |    85 |    38 ||   172
